[Event "Early-Titled-Tuesday-Blitz-January-23-2024"]
[Site "Chess.com"]
[Date "2024.01.23"]
[Round "1"]
[White "Revan_2002"]
[Black "sakkikuska"]
[Result "0-1"]
[WhiteElo "2342"]
[BlackElo "2655"]
[TimeControl "180+1"]
[EndTime "8:07:25 PST"]
[Termination "sakkikuska won on time"]

1. d4 Nf6 2. c4 g6 3. Nc3 d5 4. cxd5 Nxd5 5. e4 Nxc3 6. bxc3 Bg7 7. Bc4 O-O 8. Ba3 Nd7 9. Ne2 c5 10. O-O Rb8 11. Rb1 a6 12. dxc5 Qc7 13. c6 Ne5 14. Bb3 bxc6 15. Bc5 Ng4 16. Ng3 Rb5 17. Bd4 e5 18. a4 Rxb3 19. Rxb3 exd4 20. cxd4 Rd8 21. Rd3 h5 22. h3 Nf6 23. e5 Nd5 24. Ne4 Bf5 25.
Qe2 Qa5 26. Rf3 Qxa4 27. Nd6 Be6 28. Qd3 Nb6 29. Qd2 Nc4 30. Qg5 Rd7 31. Rc1 Nxd6 32. exd6 Rxd6 33. Qe7 Qxd4 34. Qe8+ Kh7 35. Re3 Be5 36.
Rce1 Bf4 37. Re4 Qd2 38. R4e2 Qxe2 39. Rxe2 Rd1+ 0-1

[Event "Early-Titled-Tuesday-Blitz-January-23-2024"]
[Site "Chess.com"]
[Date "2024.01.23"]
[Round "1"]
[White "olawsson"]
[Black "annasargsyan_m"]
[Result "0-1"]
[WhiteElo "2152"]
[BlackElo "2564"]
[TimeControl "180+1"]
[EndTime "8:07:26 PST"]
[Termination "annasargsyan_m won on time"]

1. d4 d5 2. c4 c6 3. cxd5 cxd5 4. Nc3 e5 5. Nf3 e4 6. Nd2 Nf6 7. Nb3 Bd6 8. Bg5 Be6 9. e3 Nc6 10. Be2 O-O 11. O-O h6 12. Bh4 Rc8 13. Nc5 Bxc5 14.
dxc5 Ne5 15. Qd4 Ng6 16. Bg3 Ne7 17. b4 Nf5 18. Qd2 d4 19. exd4 Qxd4 20. Qxd4 Nxd4 21. Rfd1 Rfd8 22. Bd6 Nxe2+ 23. Nxe2 Nd5 24. a3 b6 25. Rac1 bxc5 26. bxc5 Nf6 27. Nd4 Bg4 28. Re1 Re8 29.
h3 Be6 30. Rb1 g6 31. Rb7 a6 32. Nxe6 Rxe6 33. Ra7 Rc6 34. Rb1 Ne8 35. Bf4 g5 36. Be3 Ng7 37. Rb8+ Re8 38. Rbb7 Rf8 39. Rb6 Rfc8 40.
Raxa6 R6c7 0-1

[Event "Early-Titled-Tuesday-Blitz-January-23-2024"]
[Site "Chess.com"]
[Date "2024.01.23"]
[Round "1"]
[White "alekroth65"]
[Black "viktorskliarov"]
[Result "0-1"]
[WhiteElo "2363"]
[BlackElo "2676"]
[TimeControl "180+1"]
[EndTime "8:07:27 PST"]
[Termination "viktorskliarov won on time"]

1. d4 Nf6 2. c4 e6 3. Nf3 b6 4. g3 Bb7 5. Bg2 Be7 6. Nc3 O-O 7. Qc2 Na6 8. O-O c5 9. a3 cxd4 10. Nxd4 Bxg2 11. Kxg2 Rc8 12. Qd3 Qc7 13. b3 d5 14. Ncb5 Qd7 15. cxd5 Qxd5+ 16. Qf3 Ne4 17. Bb2 Nc7 18. Nxa7 Ra8 19. Nac6 Bf6 20. Rfd1 Nc5 21. Qxd5 Nxd5 22. Rab1 h5 23. Nb5 Rfc8 24. Bxf6 Rxc6 25. Bd4 Rcc8 26. Rdc1 Ne4 27. f3 Nd2 28. Rxc8+ Rxc8 29. Rb2 e5 30. Bxe5 Ne3+ 31. Kf2 Nd1+ 32. Ke1 Nxb2 33.
Kxd2 Rc5 34. Bxb2 Rxb5 35. e4 Rxb3 0-1

[Event "Early-Titled-Tuesday-Blitz-January-23-2024"]
[Site "Chess.com"]
[Date "2024.01.23"]
[Round "1"]
[White "alvarorodriguezavila"]
[Black "DrCeltic"]
[Result "0-1"]
[WhiteElo "2299"]
[BlackElo "2627"]
[TimeControl "180+1"]
[EndTime "8:07:29 PST"]
[Termination "DrCeltic won on time"]

1. e4 c5 2. d4 cxd4 3. c3 Nf6 4. e5 Nd5 5. Nf3 e6 6. cxd4 d6 7. Nc3 Nxc3 8. bxc3 Qc7 9. Bd2 Nd7 10. exd6 Bxd6 11.
Bd3 b6 12. Be4 Bb7 13. Bxb7 Qxb7 14. Qe2 O-O 15. O-O Rac8 16. Rac1 Rfd8 17. Rfe1 Nf6 18. h3 Rd7 19. Bg5 Nd5 20. c4 Nf4 21. Qe3 Ng6 22. c5 Be7 23. Qe4 bxc5 24. Bxe7 Rxe7 25. dxc5 Qa6 26.
Rc2 Rec7 27. Rec1 Rc6 28. Nd4 Qa4 29. Rc4 Qa6 30. Nxc6 Rxc6 31. R1c2 Qc8 32. h4 Ne7 33. h5 h6 34. R4c3 Nd5 35. Rg3 Qf8 36. Qd4 a6 37. a3 Ne7 38. Qe5 Nd5 39. Kh2 f6 40. Qe4 Qf7 41. f4 f5 42. Rh3 fxe4 0-1

[Event "Early-Titled-Tuesday-Blitz-January-23-2024"]
[Site "Chess.com"]
[Date "2024.01.23"]
[Round "1"]
[White "1mbl4"]
[Black "stratacticos"]
[Result "1-0"]
[WhiteElo "2555"]
[BlackElo "2020"]
[TimeControl "180+1"]
[EndTime "8:07:29 PST"]
[Termination "1mbl4 won by resignation"]

1. b3 e5 2. Bb2 Nc6 3. e3 a6 4.
Nf3 d6 5. d4 exd4 6. Nxd4 Nxd4 7.
Qxd4 Nf6 8. Be2 Be7 9. O-O O-O 10. c4 c5 11. Qd3 d5 12. Nc3 dxc4 13. bxc4 Qxd3 14.
Bxd3 Be6 15. e4 Rfd8 16. Rfd1 Rd7 17. Rab1 Rad8 18. Nd5 Bxd5 19. cxd5 b5 20. f3 c4 21. Be2 Bc5+ 22. Kf1 Ne8 23. Bc3 f5 24. a4 fxe4 25.
fxe4 Nd6 26. Bf3 bxa4 27. Ke2 Nb5 28. Ba1 c3 29. Rbc1 Nd4+ 30. Kd3 Nb3 31. Rxc3 Bd6 32. Rc6 Bxh2 33. Bc3 Bd6 34. Kc4 Rb7 35. e5 Bf8 36. d6 Rb5 37. e6 Bxd6 38. Rdxd6 Rbb8 39. Bd5 a3 40. e7+ 1-0

[Event "Early-Titled-Tuesday-Blitz-January-23-2024"]
[Site "Chess.com"]
[Date "2024.01.23"]
[Round "1"]
[White "Durarbayli"]
[Black "tusplingher"]
[Result "0-1"]
[WhiteElo "2878"]
[BlackElo "2508"]
[TimeControl "180+1"]
[EndTime "8:07:30 PST"]
[Termination "tusplingher won by resignation"]

1. c4 e5 2. Nc3 Nc6 3. g3 g6 4. Bg2 Bg7 5. e4 d6 6. Nge2 h5 7. h3 Nge7 8. d3 Be6 9. Bg5 f6 10. Be3 h4 11. g4 f5 12. gxf5 gxf5 13. f4 Qd7 14. Qa4 a6 15. O-O-O O-O-O 16. Nd5 Kb8 17. Kb1 Bh6 18. Bc1 Ng6 19. exf5 Bxf5 20. Nf6 Qf7 21. Bxc6 Qxf6 22. Qb3 Bc8 23. fxe5 Nxe5 24. Be4 Bxc1 25. Rxc1 Nd7 26. d4 Rde8 27. Bf3 Rhf8 28. Rhf1 Qh6 29. c5 Re3 30. Rc3 Rfxf3 31. Rxf3 Rxe2 32. a3 Re1+ 33. Ka2 dxc5 34. dxc5 Ne5 35. Rfe3 Rxe3 36. Rxe3 Be6 37. Rxe5 Bxb3+ 38. Kxb3 Qc6 0-1

[Event "Early-Titled-Tuesday-Blitz-January-23-2024"]
[Site "Chess.com"]
[Date "2024.01.23"]
[Round "1"]
[White "gmcorrales"]
[Black "Shodikulov_Jamshid1990"]
[Result "1-0"]
[WhiteElo "2940"]
[BlackElo "2506"]
[TimeControl "180+1"]
[EndTime "8:07:34 PST"]
[Termination "gmcorrales won by resignation"]

1. d4 Nf6 2. c4 g6 3. Nf3 Bg7 4. Nc3 O-O 5. h3 d6 6. Bf4 c5 7. dxc5 dxc5 8. e3 Nc6 9. Be2 Qb6 10. O-O Bf5 11. Na4 Qa5 12. Qb3 Nb4 13. Rfc1 Rad8 14.
Ne5 Ne4 15. a3 Nc6 16. Nf3 Nd2 17. Nxd2 Rxd2 18. Bf1 b6 19. Nc3 Rfd8 20. e4 Bxc3 21. Qxc3 Qxc3 22. Rxc3 Bxe4 23. Bxd2 Rxd2 24. b4 Nd4 25.
bxc5 bxc5 26. Re1 Bf5 27. Rxe7 Rd1 28. Rce3 Be6 29. f3 Kf8 30. R3xe6 Nxe6 31. Rxa7 Ra1 32. a4 h5 33. h4 g5 34. hxg5 Nxg5 35. a5 h4 36. a6 h3 37. gxh3 Nxf3+ 38. Kf2 Nd4 39. Bd3 Ra2+ 40. Ke3 Ra3 41. Ke4 Ra1 42. Kd5 Nb3 43.
Ra8+ Kg7 44. Kc6 Ra5 45. Be4 Ra4 46. Bd5 Nd2 47. a7 Ra5 48. Kb6 Ra2 49. Rd8 1-0

[Event "Early-Titled-Tuesday-Blitz-January-23-2024"]
[Site "Chess.com"]
[Date "2024.01.23"]
[Round "1"]
[White "DarZay"]
[Black "HATilay"]
[Result "1-0"]
[WhiteElo "2273"]
[BlackElo "2590"]
[TimeControl "180+1"]
[EndTime "8:07:36 PST"]
[Termination "DarZay won by resignation"]

1. e4 c5 2. Nf3 d6 3. d4 cxd4 4.
Nxd4 Nf6 5. Nc3 a6 6. a4 g6 7.
Bc4 Bg7 8. O-O O-O 9. h3 Bd7 10. Be3 Nc6 11. f4 Rc8 12. Ba2 Nb4 13. Bb3 e6 14. f5 e5 15. Nde2 Bc6 16. Ng3 d5 17.
Bc5 Qa5 18. Bxf8 Rxf8 19. fxg6 hxg6 20. Rxf6 Bxf6 21. exd5 Bd7 22. Nce4 Bg7 23. c3 Qb6+ 24. Kh2 f5 25. Ng5 e4 26. d6+ Kh8 27. cxb4 Be5 28. Qd5 Bf4 29. Nf7+ Kh7 30. Qc5 Qxc5 31. bxc5 Kg7 32. h4 Rxf7 33. Bxf7 Kxf7 34. b3 Ke6 35. Rd1 Be5 36. Kh3 Kf6 37. Ne2 f4+ 38. g4 fxg3+ 39. Kg2 Bg4 40. Rf1+ Bf3+ 41. Rxf3+ exf3+ 42. Kxf3 Ke6 43. Nxg3 b6 44. b4 a5 45. bxa5 bxc5 46. Ne4 c4 47. Ke3 Bd4+ 48. Kxd4 Kd7 49. Kxc4 Kc6 50. Kd4 1-0

[Event "Early-Titled-Tuesday-Blitz-January-23-2024"]
[Site "Chess.com"]
[Date "2024.01.23"]
[Round "1"]
[White "EvilMorty23"]
[Black "Indianlad"]
[Result "0-1"]
[WhiteElo "2515"]
[BlackElo "2982"]
[TimeControl "180+1"]
[EndTime "8:07:37 PST"]
[Termination "Indianlad won on time"]

1. e4 b6 2. d4 Bb7 3. Nd2 Nc6 4. Ngf3 e6 5. c3 g6 6. Bd3 Bg7 7. O-O d6 8. Re1 Nf6 9. Nf1 O-O 10. Ng3 h6 11. h4 e5 12. Be3 Ng4 13. h5 Nxe3 14. fxe3 Ne7 15. Rf1 Qd7 16. Nh4 Qe6 17. Qe2 Bf6 18.
d5 Nxd5 19. exd5 Bxd5 20. e4 Bxh4 21. exd5 Qxd5 22. Kh2 Bxg3+ 23. Kxg3 Qe6 24. hxg6 fxg6 25. Qe4 Kg7 26. Bc4 Qe7 27. Bd5 Rad8 28. Qg4 h5 29.
Qe4 Rxf1 30. Rxf1 Rf8 31. Rxf8 Qxf8 32. Qh4 Kh6 33. Qc4 g5 34. Bf7 Qe7 35. Kh2 Qf6 36. Kh1 g4 37. Qxc7 g3 38. Bc4 Qh4+ 39. Kg1 Qh2+ 40.
Kf1 Qh1+ 41. Ke2 Qxg2+ 42. Kd3 Qf3+ 43. Kc2 Qf6 44. Qc6 h4 45. Qe4 Qg6 0-1

[Event "Early-Titled-Tuesday-Blitz-January-23-2024"]
[Site "Chess.com"]
[Date "2024.01.23"]
[Round "1"]
[White "Yeritsyaan"]
[Black "eightbyeightchess"]
[Result "0-1"]
[WhiteElo "2639"]
[BlackElo "2362"]
[TimeControl "180+1"]
[EndTime "8:07:37 PST"]
[Termination "eightbyeightchess won by resignation"]

1. c4 e6 2. Nf3 d5 3. e3 Nf6 4.
Be2 b6 5. O-O Bb7 6. Nc3 Bd6 7.
b3 O-O 8. Bb2 c5 9. Rc1 Nc6 10.
cxd5 exd5 11. d4 Re8 12. dxc5 bxc5 13. Na4 Ne4 14. a3 a6 15. Qc2 d4 16. Bd3 Ne5 17.
Bxe4 Nxf3+ 18. Bxf3 Bxf3 19. gxf3 Qh4 20. Rfe1 Qxh2+ 21. Kf1 Qh3+ 22. Ke2 dxe3 23. fxe3 Rad8 24. Rf1 Bg3 25. Bd4 cxd4 26. e4 d3+ 27. Qxd3 Rxd3 28. Kxd3 Rd8+ 29. Kc2 Qg2+ 30. Kb1 Be5 31. Rc2 Qxf1+ 32.
Rc1 Qd3+ 33. Ka2 Qd2+ 34. Kb1 h5 35. Rc2 Qd1+ 36. Rc1 Qxb3+ 0-1

[Event "Early-Titled-Tuesday-Blitz-January-23-2024"]
[Site "Chess.com"]
[Date "2024.01.23"]
[Round "1"]
[White "Ezov"]
[Black "Let_it_be_1"]
[Result "0-1"]
[WhiteElo "2215"]
[BlackElo "2590"]
[TimeControl "180+1"]
[EndTime "8:07:37 PST"]
[Termination "Let_it_be_1 won by checkmate"]

1. d4 d5 2. Nc3 e6 3. Bf4 Bd6 4. Qd2 Nf6 5. O-O-O b6 6. f3 Bb7 7. g4 h6 8. h4 Nbd7 9. Bxd6 cxd6 10. Nb5 Qb8 11. Qb4 Ke7 12. Nh3 a6 13. Na3 b5 14.
e3 Bc6 15. Qd2 b4 16. Nb1 a5 17. g5 hxg5 18. hxg5 Nh5 19. Bd3 a4 20. e4 b3 21. a3 dxe4 22. fxe4 Ng3 23. Rh2 Nxe4 24. Qf4 bxc2 25. Bxc2 Qc7 26. Bxe4 Bxe4+ 27. Nc3 Bf5 28.
Nf2 Qc4 29. Rxh8 Rxh8 30. Ne4 Qc6 31. d5 Qb6 32. dxe6 fxe6 33. Rxd6 Rh1+ 34. Rd1 Rxd1+ 35. Nxd1 Qd4 36. Ndc3 Ne5 37. Qh4 Nd3+ 38. Kb1 Nc5 39. Qh5 Nxe4 40. Nxe4 Qxe4+ 41. Ka2 Qb1# 0-1

[Event "Early-Titled-Tuesday-Blitz-January-23-2024"]
[Site "Chess.com"]
[Date "2024.01.23"]
[Round "1"]
[White "Eeleyah"]
[Black "brm72"]
[Result "1-0"]
[WhiteElo "2410"]
[BlackElo "2687"]
[TimeControl "180+1"]
[EndTime "8:07:38 PST"]
[Termination "Eeleyah won by resignation"]

1. d4 Nf6 2. c4 e6 3. g3 c5 4. d5 exd5 5. cxd5 g6 6. Nc3 Bg7 7. Bg2 d6 8. Nf3 O-O 9. O-O a6 10. a4 Re8 11. Bf4 h6 12. Nd2 g5 13.
Be3 Nbd7 14. Nc4 Ne5 15. Nxe5 Rxe5 16. Qc1 Rb8 17. f4 Re8 18. fxg5 Ng4 19. Bf4 Bd4+ 20. Kh1 Nf2+ 21. Rxf2 Bxf2 22. gxh6 Bd4 23. Ne4 Be5 24. Bxe5 Rxe5 25. Qf4 Bf5 26. Rf1 Bg6 27. Nf6+ Kh8 28. e4 Qe7 29. Ng4 Rh5 30. Qf3 b5 31. Qc3+ Re5 32. Nxe5 dxe5 33. axb5 axb5 34. Rc1 Rc8 35.
h4 Kh7 36. Qe3 Qf8 37. Bh3 Rc7 38. Kg1 b4 39. b3 Qd6 40. g4 f6 41. g5 Kg8 42.
Be6+ Kh7 43. Bf5 Qe7 44. Bxg6+ Kxg6 45. Rf1 fxg5 46. hxg5 Qxg5+ 47. Qxg5+ Kxg5 48. Rf5+ Kxh6 49. Rxe5 Kg6 50. Kf2 c4 51. bxc4 Rxc4 52. Re6+ Kg5 53. Ke3 Rc1 54. Rb6 Rb1 55. Kd4 Kf4 56. Rf6+ Kg5 57.
Ke5 b3 58. Rb6 b2 59. Rb8 Kg6 60. d6 Kf7 61. Rb7+ Ke8 62. Ke6 Kf8 63. e5 1-0

[Event "Early-Titled-Tuesday-Blitz-January-23-2024"]
[Site "Chess.com"]
[Date "2024.01.23"]
[Round "1"]
[White "Schachmalanders"]
[Black "Kiborg95"]
[Result "0-1"]
[WhiteElo "2476"]
[BlackElo "2861"]
[TimeControl "180+1"]
[EndTime "8:07:39 PST"]
[Termination "Kiborg95 won by resignation"]

1. e4 d6 2. d4 Nf6 3. Nc3 Nbd7 4. f4 e5 5. Nf3 exd4 6. Qxd4 c6 7. g3 d5 8. e5 Bc5 9. Qd2 Ng4 10. Bg2 O-O 11.
h3 Ne3 12. Qe2 Nxg2+ 13. Qxg2 Nb6 14. Bd2 Nc4 15. O-O-O f6 16. Rhe1 Qb6 17. b3 Nxd2 18. Qxd2 Bxh3 19. exf6 Rxf6 20. Kb1 Bg4 21. Qd3 Bb4 22. Na4 Qb5 23. c3 Qxd3+ 24. Rxd3 Bf5 25. cxb4 Bxd3+ 26. Kb2 Be4 27. Ng5 Re8 28. Nc5 b6 29.
Nd7 Rd6 30. Ne5 h6 31. Nxe4 dxe4 32. Rxe4 Rd2+ 33. Ka3 Rg2 34. Re3 h5 35. Rd3 Rc2 36. Rd7 a5 37. bxa5 bxa5 38. Rc7 Rd8 39. Nxc6 Rdd2 40.
Ne7+ Kf7 41. Rxc2 Rxc2 42. Nd5 Rg2 43. Ka4 Rxa2+ 44. Kb5 Ra3 45. Kc4 a4 46. b4 Rxg3 47. b5 a3 48. Nb4 Rg6 49. Kc5 h4 50. f5 Rf6 51. b6 Rxb6 52. Kxb6 h3 53. Ka5 h2 54.
Ka4 h1=Q 55. Kxa3 Qf3+ 56. Ka4 Qxf5 57. Kb3 Qe4 0-1

[Event "Early-Titled-Tuesday-Blitz-January-23-2024"]
[Site "Chess.com"]
[Date "2024.01.23"]
[Round "1"]
[White "Makswolf200817"]
[Black "ElDivis"]
[Result "0-1"]
[WhiteElo "2730"]
[BlackElo "2443"]
[TimeControl "180+1"]
[EndTime "8:07:39 PST"]
[Termination "ElDivis won on time"]

1. e4 c5 2. Nf3 d6 3. d4 cxd4 4. Nxd4 Nf6 5. Nc3 g6 6. Be3 Bg7 7. f3 O-O 8. Qd2 Nc6 9. Bc4 Bd7 10. O-O-O Rc8 11. Bb3 Ne5 12. g4 b5 13. h4 a5 14. g5 b4 15. Nce2 Nh5 16. f4 Ng4 17. c3 bxc3 18. Nxc3 Nxe3 19. Qxe3 a4 20. Bc2 a3 21. f5 axb2+ 22. Kb1 Re8 23. Rhf1 Be5 24.
Bb3 e6 25. fxe6 fxe6 26. Qh3 Qe7 27. Nce2 Kh8 28. Rf3 Rb8 29. Rdf1 Rf8 30. Rxf8+ Rxf8 31. Rxf8+ Qxf8 32. Bxe6 Nf4 33. Qf3 Nxe6 34. Qxf8+ Nxf8 35. Nf3 Bg7 36. Nf4 Bc6 37. Nd2 Nd7 38. Nc4 Nc5 39.
Nxd6 Nxe4 0-1

[Event "Early-Titled-Tuesday-Blitz-January-23-2024"]
[Site "Chess.com"]
[Date "2024.01.23"]
[Round "1"]
[White "viktorgen2021"]
[Black "dropstoneDP"]
[Result "0-1"]
[WhiteElo "2527"]
[BlackElo "3057"]
[TimeControl "180+1"]
[EndTime "8:07:40 PST"]
[Termination "dropstoneDP won by resignation"]

1. d4 d5 2. c4 dxc4 3. Nf3 Nf6 4. e3 e6 5. Bxc4 c5 6. O-O Nc6 7. Qe2 a6 8. Rd1 b5 9. dxc5 Qc7 10. Bb3 Bxc5 11.
Nc3 O-O 12. h3 Bb7 13. Bd2 Ne5 14. e4 Nxf3+ 15. Qxf3 b4 16. Na4 Bxe4 17. Qe2 Qg3 18. Qf1 Ba7 19. Re1 a5 20. Be3 Bxe3 21. Rxe3 Qg5 22.
Rae1 Bc6 23. Rg3 Qb5 24. Qxb5 Bxb5 25. Re5 Rfb8 26. Nc5 a4 27. Bxe6 fxe6 28. Nxe6 Ra7 29. Reg5 g6 30. Rf3 Rf7 31. Nd4 Bd7 32. Re5 Re8 33. Ra5 Ne4 34. g4 Rxf3 35. Nxf3 Rc8 36. Nd4 Rc4 37. Rd5 Bc6 38. Rd8+ Kf7 39. Nf3 Ke7 40. Rd1 Ba8 41. Ne5 Rc2 42. Rd7+ Ke6 43. Ra7 Kxe5 44. Rxa8 Rxb2 45. Rxa4 Nc3 46. Ra5+ Kd4 47.
Kf1 Rxa2 0-1

[Event "Early-Titled-Tuesday-Blitz-January-23-2024"]
[Site "Chess.com"]
[Date "2024.01.23"]
[Round "1"]
[White "Zheenbekov86"]
[Black "vugarrasulov"]
[Result "0-1"]
[WhiteElo "2507"]
[BlackElo "2941"]
[TimeControl "180+1"]
[EndTime "8:07:40 PST"]
[Termination "vugarrasulov won on time"]

1. d4 d6 2. Nf3 Nf6 3. c4 g6 4. g3 Bg7 5. Bg2 O-O 6. O-O Bf5 7. Nc3 Ne4 8. Qb3 Nxc3 9. bxc3 Be4 10. a4 Nd7 11. a5 c5 12. d5 Qc7 13. Bf4 Rab8 14.
h4 Nf6 15. Nd2 Bxg2 16. Kxg2 Rfe8 17. e4 e6 18. Rfe1 exd5 19. exd5 h5 20. Qb5 Re7 21. Bg5 a6 22. Qa4 Rbe8 23. Nf3 Rxe1 24. Rxe1 Rxe1 25.
Nxe1 Qe7 26. Nf3 Qe8 27. Qb3 Qd7 28. Nd2 Ng4 29. Bf4 f5 30. Nf3 Bf6 31. Bg5 Be7 32.
Qc2 Kf7 33. Qe2 Bf6 34. Bxf6 Kxf6 35. Ng5 Qe7 36. Qd2 Qe5 37. Ne6 Qe4+ 38. Kg1 f4 39. Qxf4+ Qxf4 40. Nxf4 Ne5 41. Ne6 Nxc4 42. Nd8 Nxa5 43.
Kg2 Ke7 44. Ne6 Nc4 45. Nf4 Kf6 46. Kf3 a5 47. Ke4 a4 48. Nd3 a3 49. Nc1 b5 50. f3 b4 51. cxb4 cxb4 52. g4 Na5 53. g5+ Kf7 54. Kd4 b3 0-1

[Event "Early-Titled-Tuesday-Blitz-January-23-2024"]
[Site "Chess.com"]
[Date "2024.01.23"]
[Round "1"]
[White "ahkashefi2800"]
[Black "NtcPou"]
[Result "1-0"]
[WhiteElo "2555"]
[BlackElo "2002"]
[TimeControl "180+1"]
[EndTime "8:07:41 PST"]
[Termination "ahkashefi2800 won by checkmate"]

1. d4 d5 2. c4 c6 3. Nc3 Nf6 4. Nf3 a6 5. c5 g6 6. Bf4 Nbd7 7. g3 Nh5 8. Bg2 Nxf4 9. gxf4 Qc7 10. e3 Bg7 11. h4 b6 12. cxb6 Qxb6 13. Qd2 Rb8 14. Na4 Qb5 15. b3 Nf6 16. Ne5 Ne4 17. Bxe4 dxe4 18. Rc1 Bxe5 19. fxe5 Be6 20. Rc5 Qb7 21.
h5 Bd5 22. Ra5 gxh5 23. Nc5 Qc8 24. Nxa6 Rb5 25. Qc3 Qb7 26. Rxb5 cxb5 27. Nc5 Qa7 28. a4 bxa4 29. bxa4 Rg8 30. Qb4 Qa8 31. a5 Rg6 32.
Rxh5 Rg7 33. Rh6 Rg1+ 34. Kd2 Qc8 35. Rxh7 Rg8 36. a6 Kf8 37. a7 Qa8 38. Qb8+ Qxb8 39.
axb8=Q# 1-0

[Event "Early-Titled-Tuesday-Blitz-January-23-2024"]
[Site "Chess.com"]
[Date "2024.01.23"]
[Round "1"]
[White "Chesstrainer1"]
[Black "JimDiGrease"]
[Result "0-1"]
[WhiteElo "2513"]
[BlackElo "2974"]
[TimeControl "180+1"]
[EndTime "8:07:42 PST"]
[Termination "JimDiGrease won on time"]

1. e4 c5 2. Nf3 e6 3. d4 cxd4 4. Nxd4 Nf6 5. Nc3 Nc6 6. a3 d6 7. Be3 Be7 8. Be2 O-O 9. f4 Qc7 10. g4 Nxd4 11. Qxd4 e5 12. Qd1 exf4 13. Bxf4 Be6 14.
g5 Nd7 15. Qd2 Ne5 16. O-O-O a6 17. Nd5 Bxd5 18. exd5 Rac8 19. Rhe1 Rfe8 20. Kb1 Bf8 21. c3 g6 22. h4 Bg7 23. h5 Qb6 24. h6 Bh8 25. Ka2 Qa5 26. Bxe5 Bxe5 27. Rf1 Qb6 28. Bd3 Re7 29. Rf3 Qc5 30. Bc2 Qc4+ 31. Bb3 Qg4 32. Rdf1 b5 33. Qf2 Rf8 34. Rg1 Qe4 35. Re1 Qg4 36.
Rg1 Qh5 37. Qg2 Qh2 38. Qxh2 Bxh2 39. Rg2 Be5 40. Re2 a5 41. a4 Rb8 42. axb5 Rxb5 43. Bc4 Rc5 44. b3 a4 0-1

[Event "Early-Titled-Tuesday-Blitz-January-23-2024"]
[Site "Chess.com"]
[Date "2024.01.23"]
[Round "1"]
[White "ozates"]
[Black "itsdsyr"]
[Result "1-0"]
[WhiteElo "2600"]
[BlackElo "2239"]
[TimeControl "180+1"]
[EndTime "8:07:42 PST"]
[Termination "ozates won on time"]

1. e4 e5 2. Nf3 Nc6 3. Bc4 Bc5 4. c3 Nf6 5. d3 O-O 6. Bg5 a6 7. Nbd2 h6 8. Bh4 Be7 9. O-O d6 10. Re1 Na5 11. d4 Bg4 12. h3 Bxf3 13. Qxf3 Nxc4 14. Nxc4 Nd7 15. Bxe7 Qxe7 16. Ne3 c6 17. Rad1 g6 18. Qg3 Kh7 19. f4 exd4 20. cxd4 Rae8 21. e5 dxe5 22.
dxe5 Nc5 23. Nc4 Rd8 24. Nd6 Qe6 25. h4 Qxa2 26. h5 Rg8 27. hxg6+ Rxg6 28. Qf2 Rdg8 29. Qxc5 Rxg2+ 30. Kf1 Qxb2 31. Nxf7 Rg1+ 32. Qxg1 Rxg1+ 33. Kxg1 Qb6+ 34. Kg2 Qb5 35. Rd7 Qb2+ 36. Kf3 Kg6 37. e6 Kf5 38. Re5+ Kf6 39. e7 Qc3+ 40. Re3 1-0

[Event "Early-Titled-Tuesday-Blitz-January-23-2024"]
[Site "Chess.com"]
[Date "2024.01.23"]
[Round "1"]
[White "NastyaHn"]
[Black "quvnoq_muxlis"]
[Result "1/2-1/2"]
[WhiteElo "2363"]
[BlackElo "2664"]
[TimeControl "180+1"]
[EndTime "8:07:43 PST"]
[Termination "Game drawn by repetition"]

1. Nc3 e5 2. Nf3 Nc6 3. d4 exd4 4. Nxd4 Nf6 5. Bg5 h6 6. Bh4 Bb4 7. Nxc6 bxc6 8. Qd3 O-O 9. e3 d5 10. Be2 Qd6 11. Bg3 Qd7 12. O-O a5 13. a3 Ba6 14.
Qd1 Bxc3 15. bxc3 Bxe2 16. Qxe2 Rfe8 17. Rfd1 Ne4 18. Qd3 Qe7 19. c4 Rad8 20. cxd5 Rxd5 21. Qc4 Qf6 22. Rd4 Rc5 23. Qd3 Rc3 24. Qe2 c5 25. Rdd1 Qc6 26. Rd3 Qa4 27. Rxc3 Nxc3 28. Qd3 Ne4 29. Bxc7 c4 30. Qe2 Re7 31. Bg3 Rd7 32.
Qg4 Qc6 33. h3 Nf6 34. Qf4 Rd2 35. c3 Qd5 36. Rb1 Rd1+ 37. Rxd1 Qxd1+ 38. Kh2 Qd3 39. Qb8+ Kh7 40. Qe5 Nd5 41. e4 Nxc3 42. Qf5+ Kg8 43. Qc8+ Kh7 44. Qf5+ Kg8 45. Qc8+ Kh7 46. Qf5+ 1/2-1/2

[Event "Early-Titled-Tuesday-Blitz-January-23-2024"]
[Site "Chess.com"]
[Date "2024.01.23"]
[Round "1"]
[White "Grossboss19"]
[Black "campochess"]
[Result "1-0"]
[WhiteElo "2560"]
[BlackElo "2111"]
[TimeControl "180+1"]
[EndTime "8:07:43 PST"]
[Termination "Grossboss19 won by resignation"]

1. c4 e6 2. Nc3 d5 3. d4 c6 4. e3 Nf6 5. b3 Bb4 6. Bd2 Be7 7. Bd3 O-O 8. Nge2 Nbd7 9. O-O e5 10. cxd5 Nxd5 11.
Nxd5 cxd5 12. dxe5 Nxe5 13. Bc2 Bg4 14. h3 Be6 15.
Bc3 f6 16. Nf4 Bf7 17. Qd2 Rc8 18. Rac1 Ba3 19. Rcd1 Qc7 20. Ne2 Rfd8 21. Bf5 Rb8 22. Bd4 Qe7 23. Nf4 b6 24. Qe2 Nc6 25. Ba1 Qf8 26.
Ne6 Qe7 27. Nxd8 Rxd8 28. Bxh7+ Kxh7 29. Qc2+ Kg8 30. Qxc6 Bc5 31. Bd4 Rd6 32. Bxc5 bxc5 33. Qxc5 Qd7 34. Rc1 Kh7 35. Rfd1 a6 36. Rd4 g5 37.
Qc7 Qe6 38. Rb4 Rd7 39. Qc6 Rd6 40. Qc8 Qe5 41. Rb7 Kg6 42. Qc2+ Kg7 43. Qc7 Qe6 44.
Qe7 Qxe7 45. Rxe7 Kg6 46. Rcc7 Be6 47. g4 f5 48. f3 Kf6 49. Kf2 fxg4 50. hxg4 d4 51.
exd4 Rxd4 52. Ke3 Rd1 53. Re8 Re1+ 54. Kf2 Ra1 55. Rc6 Rxa2+ 56. Kg3 Re2 57. Rxa6 Kf7 58. Rexe6 Rxe6 59. Rxe6 1-0

[Event "Early-Titled-Tuesday-Blitz-January-23-2024"]
[Site "Chess.com"]
[Date "2024.01.23"]
[Round "1"]
[White "andrzej"]
[Black "Hasangatin_Ramil"]
[Result "0-1"]
[WhiteElo "2388"]
[BlackElo "2698"]
[TimeControl "180+1"]
[EndTime "8:07:45 PST"]
[Termination "Hasangatin_Ramil won by resignation"]

1. e4 d5 2. exd5 Qxd5 3. Nc3 Qd6 4. d4 Nf6 5. Nf3 c6 6. g3 Bg4 7. Bg2 e6 8. O-O Be7 9. h3 Bxf3 10. Bxf3 O-O 11. a3 Qc7 12. Ne2 Nbd7 13. c4 Bd6 14. b4 Rad8 15. Qa4 a6 16. Be3 Rfe8 17. Rac1 h6 18.
Kg2 e5 19. Kh2 e4 20. Bg2 Nf8 21. Qc2 Ng6 22. Kh1 h5 23. Rfd1 h4 24. g4 Nf4 25.
Nxf4 Bxf4 26. Qd2 g5 27. Re1 Rd7 28. Qe2 Kg7 29. Rcd1 Qd6 30. Qb2 Kg6 31. Qc2 Kh6 32.
Bc1 Bxc1 33. Qxc1 Qf4 34. Qc2 Red8 35. Qc3 b5 36. cxb5 cxb5 37. Qc6 Rd6 38. Qc5 Qxf2 39.
Rf1 Qg3 40. Rf5 e3 41. Rxg5 e2 42. Rh5+ Nxh5 43. Qxh5+ Kg7 44. Qg5+ Rg6 45. Qd2 exd1=Q+ 46. Qxd1 Re6 47. d5 Re1+ 0-1

[Event "Early-Titled-Tuesday-Blitz-January-23-2024"]
[Site "Chess.com"]
[Date "2024.01.23"]
[Round "1"]
[White "BasilSmash"]
[Black "kibromNNN"]
[Result "1-0"]
[WhiteElo "2541"]
[BlackElo "1647"]
[TimeControl "180+1"]
[EndTime "8:07:45 PST"]
[Termination "BasilSmash won on time"]

1. e4 d6 2. d4 Nf6 3. Bd3 Nbd7 4.
Nf3 e5 5. c3 Be7 6. O-O h6 7. Re1 O-O 8. Nbd2 Re8 9. Nf1 c6 10.
Ng3 Qc7 11. Nf5 Nf8 12. h3 Ng6 13. Nxe7+ Qxe7 14. a4 Be6 15. a5 a6 16. Qc2 Qd7 17.
Kh2 Nh5 18. Bf1 Nhf4 19. dxe5 dxe5 20. Nxe5 Qc7 21. Nxg6 Nxg6+ 22. Kg1 Rad8 23. Be3 Qe7 24. Rad1 Ne5 25. b4 Nc4 26. Bc5 Qg5 27. g3 Rxd1 28. Rxd1 h5 29. h4 Qg6 30. Kh2 Ne5 31. Bg2 Bg4 32.
Rd6 Re6 33. Rxe6 Qxe6 34. Qd2 Nf3+ 35. Bxf3 Bxf3 36. Qf4 Bg4 37. f3 Qa2+ 38. Kg1 Qb1+ 39. Kg2 Qc2+ 40. Bf2 1-0

[Event "Early-Titled-Tuesday-Blitz-January-23-2024"]
[Site "Chess.com"]
[Date "2024.01.23"]
[Round "1"]
[White "HamedWafa4"]
[Black "LangesNasenhaar"]
[Result "1/2-1/2"]
[WhiteElo "2724"]
[BlackElo "2425"]
[TimeControl "180+1"]
[EndTime "8:07:46 PST"]
[Termination "Game drawn by repetition"]

1. e4 g6 2. d4 Bg7 3. Nc3 c6 4.
f4 d5 5. e5 h5 6. Nf3 Nh6 7. Be3 Bg4 8. h3 Nf5 9. Bf2 Bxf3 10.
Qxf3 h4 11. Bd3 e6 12. O-O Bf8 13. Nd1 Be7 14. c3 a5 15. Ne3 b5 16. Rfd1 Nd7 17. b3 a4 18. Nc2 Kf8 19. c4 Nb6 20. cxb5 cxb5 21. Bxb5 Kg7 22. Bd3 Qb8 23. Kh2 Qb7 24. Bxf5 gxf5 25. Rg1 Kf8 26. g4 hxg3+ 27. Qxg3 Ke8 28.
Qg7 Rf8 29. h4 Kd7 30. h5 Rfc8 31. Ne3 axb3 32. axb3 Rxa1 33. Rxa1 Qb8 34. Rg1 Rh8 35. Qxf7 Nc8 36. Nxd5 exd5 37. Qxd5+ Ke8 38. Rg8+ Rxg8 39. Qxg8+ Kd7 40. h6 Qb5 41. Qc4 Qa5 42. e6+ Kd8 43.
h7 Bf6 44. Qc6 Qa7 45. Bh4 Qxh7 46. Qd5+ Ke8 47. Qc6+ Kd8 48. Qd5+ Ke8 49. Qb5+ Kd8 50. Qd5+ 1/2-1/2